 Dungeon Crawl Stone Soup version 0.29.0-15-g675c0067aa (webtiles) character file.

Game seed: 9706187752167632298

3126 Pooter the Cleaver (level 9, 0/83 HPs)
             Began as a Minotaur Berserker on Sept 10, 2022.
             Was a Believer of Trog.
             Slain by a wyvern (2 damage)
             ... on level 8 of the Dungeon on Sept 11, 2022.
             The game lasted 00:33:36 (8799 turns).

Pooter the Cleaver (Minotaur Berserker)             Turns: 8799, Time: 00:33:36

Health: 0/83       AC:  8    Str: 27    XL:     9   Next: 61%
Magic:  8/8        EV:  9    Int:  4    God:    Trog [**....]
Gold:   13         SH:  0    Dex:  9    Spells: 8/8 levels left

rFire   . . .      SeeInvis .   a - +0 great mace
rCold   . . .      Faith    .   (shield currently unavailable)
rNeg    . . .      Spirit   .   i - +0 chain mail
rPois   +          Reflect  .   (helmet restricted)
rElec   .          Harm     .   B - scarf {repulsion}
rCorr   .          Rampage  .   (no gloves)
Will    ++...                   (no boots)
Stlth   ..........              (no amulet)
HPRegen 1.23/turn               P - ring of poison resistance
MPRegen 0.11/turn               (no ring)

@: mighty, strong-willed (expiring), regenerating (expiring), repel missiles
A: horns 2, retaliatory headbutt
a: Renounce Religion, Berserk, Trog's Hand


You were on level 8 of the Dungeon.
You worshipped Trog.
Trog was pleased with you.
You visited 1 branch of the dungeon, and saw 8 of its levels.

You collected 557 gold pieces.
You spent 544 gold pieces at shops.

Inventory:

Hand Weapons
 a - a +0 great mace (weapon)
   (You found it on level 3 of the Dungeon)
 b - a +0 shortbow
   (You took it off a centaur on level 7 of the Dungeon)
 h - a +0 hand axe
 n - a +0 halberd
   (You took it off a gnoll on level 4 of the Dungeon)
 q - a +2 war axe
   (You found it on level 4 of the Dungeon)
 D - a +3 war axe
   (You took it off an orc on level 7 of the Dungeon)
Missiles
 d - 15 poisoned darts (quivered)
 A - a throwing net {!f}
 E - 2 boomerangs
 Q - 90 stones
Armour
 i - a +0 chain mail (worn)
   (You took it off an orc warrior on level 7 of the Dungeon)
 B - a scarf of repulsion (worn)
   (You found it on level 6 of the Dungeon)
Jewellery
 G - a +6 ring of intelligence
   (You found it on level 7 of the Dungeon)
 P - a ring of poison resistance (left hand)
   (You bought it in a shop on level 6 of the Dungeon)
Wands
 f - a wand of flame (41)
   (You found it on level 7 of the Dungeon)
 s - a wand of charming (21)
   (You found it on level 5 of the Dungeon)
Scrolls
 g - 2 scrolls of vulnerability {!r}
 t - 3 scrolls of teleportation {@r4}
 u - 2 scrolls of enchant armour
 x - 2 scrolls of blinking
 z - a scroll of magic mapping
 C - a scroll of immolation {!r}
 H - 4 scrolls of poison {!r}
Potions
 c - 2 potions of heal wounds {@q2}
 e - a potion of curing {@q1}
 j - a potion of attraction {!q}
 l - 2 potions of might
 m - 2 potions of cancellation
 o - a potion of invisibility
 p - a potion of lignification {unknown}
 r - a potion of mutation {unknown}
 v - 2 potions of berserk rage {unknown}
 w - 2 potions of flight {unknown}
 y - 2 potions of resistance
 F - a potion of magic


   Skills:
 + Level 9.1 Fighting
 * Level 10.7(11.9) Axes
 - Level 8.3(10.8) Maces & Flails
 * Level 2.5 Ranged Weapons
 - Level 2.4 Armour
 - Level 2.1 Dodging
 + Level 2.1 Evocations


You had 8 spell levels left.
You didn't know any spells.
Your spell library was empty.

Dungeon Overview and Level Annotations

Branches:
Dungeon (8/15)             Temple (0/1) D:5
   Lair: D:8-11

Altars:
Dithmenos
Hepliaklqana
Okawaru
Ru
Trog
Vehumet
Wu Jian
Yredelemnul
The Shining One

Shops:
D:6 =?

Annotations:
D:2 1 runed translucent door, Crazy Yiuf


Innate Abilities, Weirdness & Mutations

You have a pair of horns on your head.
You reflexively headbutt those who attack you in melee.


Message History

a - a +0 great mace (weapon)
You sock the wight!
The wight hits you with a +4 long sword.
You feel drained.
You sock the wight!
You destroy the wight!
Trog accepts your kill. The wyvern bites you.
The wyvern bites you but does no damage.
Your life force feels restored.
Your Evocations skill increases to level 2!
Your skin crawls.
You feel strong-willed. The wyvern closely misses you.
The wight hits you with a +0 great sword.
The wyvern bites you but does no damage.
You closely miss the wight. You headbutt the wight! The wyvern bites you!
The wight closely misses you. You furiously retaliate!
You headbutt the wight!
You destroy the wight!
Trog accepts your kill.
You thump the wyvern! The wyvern bites you! The wyvern barely misses you.
You barely miss the wight. Your headbutt misses the wight.
The wyvern completely misses you. You furiously retaliate!
You headbutt the wyvern! The wight barely misses you. The wyvern bites you.
You barely miss the wight.
The wyvern hisses menacingly.
The wyvern bites you. The wight barely misses you.
You bludgeon the wight!!
You destroy the wight!
Trog accepts your kill. The wyvern bites you! The wyvern bites you.
* * * LOW HITPOINT WARNING * * *
You closely miss the wyvern. The wyvern closely misses you.
The wyvern barely misses you.
You hit the wyvern but do no damage. The wyvern bites you!
* * * LOW HITPOINT WARNING * * *
You closely miss the wyvern. Your headbutt misses the wyvern.
The wyvern bites you but does no damage.
The wyvern bites you!
* * * LOW HITPOINT WARNING * * *
You closely miss the wyvern. You headbutt the wyvern.
The wyvern bites you but does no damage.
The wyvern bites you!
* * * LOW HITPOINT WARNING * * *
You completely miss the wyvern.
You feel the effects of Trog's Hand fading.
The wyvern barely misses you. The wyvern bites you!
* * * LOW HITPOINT WARNING * * *
You closely miss the wyvern. The wyvern bites you.
You die...

....... ... ....... ##..
........#(..# ..
............ .
...........#
...........###..
........l).....# .
........@### .
...........##### .####
................## #.....
#....##.##.......###..###
#.## ##.# ####.#.....####
#..### ##........... #
#....###......#§..##
...######........#..§§..#
.................#..#._§#


You could see a wyvern.

Vanquished Creatures
  Grinder (D:3)
  Sigmund (D:3)
  4 water moccasins
  A sky beast (D:6)
  An orc warrior (D:7)
  A black bear (D:7)
  2 ice beasts
  A centaur (D:7)
  Blork the orc (D:5)
  2 phantoms
  2 bullfrogs
  2 necrophages
  4 scorpions
  3 wights (D:8)
  3 killer bees (D:7)
  3 howler monkeys
  4 orc priests
  3 hounds
  A jelly (D:6)
  6 iguanas
  Terence (D:2)
  2 orc wizards
  3 adders
  9 gnolls
  2 shadow imps
  An ufetubus (D:4)
  3 worms
  3 dart slugs
  24 orcs
  7 ball pythons
  4 endoplasms
  2 giant cockroaches
  9 goblins
  4 hobgoblins
  2 jackals (D:4)
  6 kobolds
  6 quokkas
  3 bats (D:3)
  5 frilled lizards
  6 rats
148 creatures vanquished.

Vanquished Creatures (collateral kills)
  2 orcs (D:5)
2 creatures vanquished.

Vanquished Creatures (others)
  An orc priest (D:5)
1 creature vanquished.

Grand Total: 151 creatures vanquished

Notes
Turn   | Place    | Note
-------+----------+-------------------------------------------
     0 | D:1      | Pooter the Minotaur Berserker began the quest for the Orb.
     0 | D:1      | Reached XP level 1. HP: 19/19 MP: 0/0
   258 | D:1      | Reached skill level 4 in Axes
   520 | D:1      | Reached XP level 2. HP: 21/27 MP: 1/1
  1160 | D:1      | Reached XP level 3. HP: 32/33 MP: 2/2
  1309 | D:2      | Noticed Terence
  1319 | D:2      | Killed Terence
  1320 | D:2      | Reached skill level 5 in Axes
  1525 | D:2      | Reached ** piety under Trog
  1667 | D:2      | Found a faded altar of an unknown god.
  1782 | D:2      | Reached XP level 4. HP: 41/41 MP: 3/3
  2152 | D:2      | Found a runed translucent door.
  2153 | D:2      | Noticed Crazy Yiuf
  2449 | D:3      | Upgraded the game from 0.29.0-13-gc9e81de378 to
                  | 0.29.0-15-g675c0067aa
  2479 | D:3      | Noticed Grinder
  2505 | D:3      | Killed Grinder
  2506 | D:3      | Reached skill level 5 in Fighting
  2506 | D:3      | Reached skill level 7 in Axes
  2506 | D:3      | Reached XP level 5. HP: 48/48 MP: 4/4
  2506 | D:3      | Reached XP level 6. HP: 56/56 MP: 5/5
  2596 | D:3      | Noticed Sigmund
  2602 | D:3      | Killed Sigmund
  2766 | D:3      | Found an iron altar of Okawaru.
  3134 | D:4      | Reached skill level 8 in Axes
  3134 | D:4      | Reached skill level 1 in Maces & Flails
  3139 | D:4      | Reached XP level 7. HP: 58/63 MP: 6/6
  4805 | D:5      | Entered Level 5 of the Dungeon
  4808 | D:5      | Found a staircase to the Ecumenical Temple.
  4926 | D:5      | Reached XP level 8. HP: 67/73 MP: 7/7
  4944 | D:4      | Reached skill level 5 in Maces & Flails
  5388 | D:5      | Noticed Blork the orc
  5397 | D:5      | Killed Blork the orc
  5398 | D:5      | Reached skill level 9 in Axes
  5762 | D:6      | Found Tererghi's Magic Scroll Boutique.
  5770 | D:6      | Bought a scroll of blinking for 97 gold pieces
  5770 | D:6      | Bought 2 scrolls of poison for 104 gold pieces
  5770 | D:6      | Bought a scroll of identify for 26 gold pieces
  5770 | D:6      | Bought a scroll of enchant weapon for 97 gold pieces
  6305 | D:6      | Found Uxuvej's Jewellery Shoppe.
  6696 | D:6      | Reached XP level 9. HP: 82/82 MP: 8/8
  6787 | D:6      | Found a basalt altar of Yredelemnul.
  6787 | D:6      | Found a glowing golden altar of the Shining One.
  6789 | D:6      | Found an ornate altar of the Wu Jian Council.
  6791 | D:6      | Found a hazy altar of Hepliaklqana.
  6792 | D:6      | Found a sacrificial altar of Ru.
  7334 | D:7      | Found a radiant altar of Vehumet.
  7366 | D:7      | Found a bloodstained altar of Trog.
  7498 | D:7      | Reached skill level 10 in Axes
  7704 | D:7      | Reached skill level 1 in Evocations
  7995 | D:7      | Reached skill level 1 in Ranged Weapons
  8408 | D:6      | Bought a ring of poison resistance for 220 gold pieces
  8746 | D:8      | Found a shadowy altar of Dithmenos.
  8798 | D:8      | HP: 1/83 [wyvern (9)]
  8799 | D:8      | Slain by a wyvern

Illustrated notes

Levels and vault maps discovered:
D:1:      amcnicky_arrival_flooded_fountain, layout_basic, minmay_box_of_dots
D:2:      layout_loops_corners, dreamdust_ecumenical_altar_statues,
          uniq_crazy_yiuf_cottage, uniq_terence
D:3:      layout_loops_ring, okawaru_altar_gauntlet_db, uniq_grinder,
          uniq_sigmund
D:4:      layout_layer_cave
D:5:      layout_cave_pools, minmay_temple_entry_ruins, uniq_blork_the_orc
D:6:      layout_basic, grunt_temple_overflow_open, serial_shops,
          nicolae_diamond_shop, shop, kennysheep_pointless_box
D:7:      layout_cave_pools, mainiacjoe_overflow_two_lobes, serial_column_ruins,
          column_ruins_hut, column_ruins_open_tiny, column_ruins_open_tiny,
          column_ruins_grid_4, column_ruins_grid_4,
          column_ruins_corridor_corner, column_ruins_columns_T,
          column_ruins_open_tiny
D:8:      layout_rooms, grunt_dithmenos_smoke, minmay_misc_feat_plants

Skill      XL: |  1  2  3  4  5  6  7  8  9 |
---------------+----------------------------+-----
Axes           | 4 5 7 8 9 10 | 10.7
Fighting       | 4 5 6 7 8 9 |  9.1
Maces & Flails | 1 4 7 8 |  8.3
Evocations     | 2 |  2.1
Ranged Weapons | 2 |  2.5
Armour         | |  2.4
Dodging        | |  2.1

Action                   |  1- 3 |  4- 6 |  7- 9 || total
-------------------------+-------+-------+-------++-------
Melee: Hand axe          |    76 |    53 |       ||   129
       Headbutt          |    10 |     7 |    30 ||    47
       Punch             |       |     1 |       ||     1
       Great mace        |       |     9 |   245 ||   254
 Fire: Shortbow          |       |       |     7 ||     7
Throw: Dart              |     3 |       |     7 ||    10
       Stone             |     2 |       |     2 ||     4
Invok: Berserk           |     1 |     2 |    10 ||    13
       Trog's Hand       |       |     1 |     6 ||     7
Evoke: Wand              |       |       |     3 ||     3
  Use: Scroll            |     5 |     3 |     9 ||    17
       Potion            |       |       |     2 ||     2
 Stab: Sleeping          |     1 |       |       ||     1
Armor: Animal skin       |     3 |       |       ||     3
       Ring mail         |     5 |    12 |       ||    17
       Scale mail        |       |    19 |    93 ||   112
       Chain mail        |       |       |     9 ||     9
Dodge: Dodged            |    36 |    30 |   146 ||   212
